 Dungeon Crawl Stone Soup version 0.29.1-1-gd02db6906a (webtiles) character file.

Game seed: 4198829679409120870

84 warriortoast the Conjurer (level 4, 0/24 HPs)
             Began as a Deep Elf Conjurer on Oct 18, 2022.
             Constricted to death by Ijyb (3 damage)
             ... on level 4 of the Dungeon.
             The game lasted 00:03:35 (3163 turns).

warriortoast the Conjurer (Deep Elf Conjurer)       Turns: 3163, Time: 00:03:36

Health: 0/24       AC:  3    Str:  4    XL:     4   Next: 24%
Magic:  7/12       EV:  9    Int: 25    God:
Gold:   147        SH:  0    Dex: 13    Spells: 8/12 levels left

rFire   . . .      SeeInvis .   (no weapon)
rCold   . . .      Faith    .   (no shield)
rNeg    . . .      Spirit   .   a - +0 robe
rPois   .          Reflect  .   (no helmet)
rElec   .          Harm     .   (no cloak)
rCorr   .          Rampage  .   (no gloves)
Will    .....                   k - +0 pair of boots
Stlth   ++........              (no amulet)
HPRegen 0.08/turn               (no ring)
MPRegen 0.13/turn               (no ring)

@: grasped by roots, constricted
A: no striking features
a: no special abilities


You were on level 4 of the Dungeon.
You visited 1 branch of the dungeon, and saw 4 of its levels.

You collected 147 gold pieces.

Inventory:

Hand Weapons
 p - a +0 short sword
Armour
 a - a +0 robe (worn)
 k - a +0 pair of boots (worn)
Jewellery
 i - an amulet of the acrobat
Scrolls
 c - a scroll of teleportation {unknown}
 d - a scroll of vulnerability {unknown}
 e - a scroll of blinking {unknown}
 g - 3 scrolls of identify {unknown}
 n - a scroll of fog {unknown}
 o - a scroll of amnesia {unknown}
 q - a scroll of poison {unknown}
 r - a scroll of brand weapon {unknown}
 s - a scroll of noise {unknown}
Potions
 b - a potion of magic
 f - 2 potions of curing {unknown}
 h - a potion of lignification {unknown}
 j - a potion of degeneration {unknown}
 l - 2 potions of invisibility {unknown}
 m - a potion of ambrosia {unknown}


   Skills:
 - Level 2.4 Dodging
 - Level 2.4 Stealth
 + Level 4.8 Spellcasting
 + Level 5.4 Conjurations
 + Level 0.0 Hexes


You had 8 spell levels left.
You knew the following spells:

 Your Spells              Type           Power      Damage    Failure   Level
a - Magic Dart            Conj           100%       1d8       1%          1
b - Dazzling Flash        Conj/Hex       38%        N/A       9%          3

Your spell library contained the following spells:

 Spells                   Type           Power      Damage    Failure   Level
 Searing Ray              Conj           66%        2d6       1%          2
 Stone Arrow              Conj/Erth      38%        3d9       9%          3
 Fulminant Prism          Conj/Hex       9%         3d7       26%         4
 Iskenderun's Mystic Bla  Conj/Tloc      19%        2d6       26%         4
 Animate Armour           Summ/Erth      12%        N/A       63%         4
 Lehudib's Crystal Spear  Conj/Erth      9%         10d4      100%        8


Dungeon Overview and Level Annotations

Branches:
Dungeon (4/15)
 Temple: D:4-7

Altars:
Fedhas

Annotations:
D:1 2 transporters
D:4 Ijyb


Message History

You climb downwards.
Found a robe and a lumpy golden potion.
Found a stone staircase leading down.
There is a stone staircase leading up here.
The magic dart hits Ijyb.
Ijyb is lightly wounded.
Ijyb zaps a wand.
The roots erupt in riotous growth!
The grasping roots grab you! The grasping roots constrict you.
You hear a howl!
You hear a shout!
The magic dart hits Ijyb but does no damage.
Ijyb is lightly wounded.
The grasping roots constrict you.
The magic dart hits Ijyb.
Ijyb is heavily wounded.
The grasping roots constrict you.
The grasping roots release their grip on you.
You are too injured to fight recklessly!
You are too injured to fight recklessly!
You are too injured to fight recklessly!
You are too injured to fight recklessly!
Casting: Magic Dart (safe; 1% risk of failure)
Confirm with . or Enter, or press ? or * to list all spells.
Aiming: Magic Dart (safe; 1% risk of failure)
Press: ? - help, Shift-Dir - straight line, f/p - Ijyb
Aim: Ijyb, wielding a +0 dagger, wearing a +1 leather armour of cold resistance and carrying a wand of roots (8) (moderately wounded, 100% to hit)
The magic dart hits Ijyb.
Ijyb is heavily wounded.
Ijyb zaps a wand.
The roots erupt in riotous growth!
The grasping roots grab you! The grasping roots constrict you!
* * * LOW HITPOINT WARNING * * *
Casting: Magic Dart (safe; 1% risk of failure)
Confirm with . or Enter, or press ? or * to list all spells.
Aiming: Magic Dart (safe; 1% risk of failure)
Press: ? - help, Shift-Dir - straight line, f/p - Ijyb
Aim: Ijyb, wielding a +0 dagger, wearing a +1 leather armour of cold resistance and carrying a wand of roots (7) (heavily wounded, 100% to hit)
The magic dart hits Ijyb but does no damage.
Ijyb is heavily wounded.
The grasping roots constrict you.
You die...

############ .
..........
.##........
.........
#......
#.....####..
#...........
#...@.......
.......g.......
.........##....
.#.......# ...
....!..[.. .
.......>...
.....##....
.##.# ......


You could see Ijyb.

Vanquished Creatures
  Terence (D:2)
  3 adders
  4 orcs (D:3)
  3 ball pythons
  2 endoplasms (D:2)
  2 giant cockroaches
  2 goblins
  A hobgoblin (D:1)
  2 quokkas
  A bat (D:2)
  3 frilled lizards
  3 kobolds
  4 rats (D:2)
31 creatures vanquished.

Notes
Turn   | Place    | Note
-------+----------+-------------------------------------------
     0 | D:1      | warriortoast the Deep Elf Conjurer began the quest for the
                  | Orb.
     0 | D:1      | Reached XP level 1. HP: 10/10 MP: 6/6
   932 | D:2      | Reached XP level 2. HP: 8/15 MP: 3/8
  1207 | D:2      | Noticed Terence
  1218 | D:2      | Killed Terence
  1219 | D:2      | Reached skill level 5 in Conjurations
  1219 | D:2      | Reached XP level 3. HP: 14/19 MP: 0/10
  1941 | D:2      | Found a blossoming altar of Fedhas.
  2426 | D:3      | Reached XP level 4. HP: 24/24 MP: 8/12
  2980 | D:3      | Found a faded altar of an unknown god.
  3060 | D:3      | Learned a level 3 spell: Dazzling Flash
  3158 | D:4      | Noticed Ijyb
  3163 | D:4      | Constricted to death by Ijyb

Illustrated notes

Levels and vault maps discovered:
D:1:      spicycebolla_arrival_transporter_tutorial, layout_basic,
          serial_bayou_lake_a
D:2:      minmay_angry_zag, layout_loops_ring, basic_altar, uniq_terence
D:3:      layout_loops_ring, hellmonk_ecumenical_altar_crossroads
D:4:      layout_rooms, minmay_diced_spiral, uniq_ijyb

Skill      XL: |  1  2 |
---------------+-------+-----
Spellcasting   | 4 |  4.8
Conjurations   | 5 |  5.4
Dodging        | |  2.4
Stealth        | |  2.4

Action                   |  1- 3 |  4- 6 || total
-------------------------+-------+-------++-------
 Cast: Magic Dart        |    58 |    16 ||    74
Armor: Robe              |     3 |       ||     3
Dodge: Dodged            |     5 |     2 ||     7
